Map: Cyber Forest LE

Players

kramola

  • Race: Terran Terran
  • League: Diamond
  • Spawn Location: 11:00

XOURCE - Winner!

  • Race: Zerg Zerg
  • League: Diamond
  • Spawn Location: 5:00

VOD

Have the link to the VOD?

Description

Time

  • Played on: March 29, 2019, 2:49 p.m.
  • Length: 14:38
Show
View Real Time Build Order
Export as new Build Order

kramola Terran 

Build Orders: Liberator Opening 

Get SALT Encoding   

  12  0:02  SCV  
  13  0:15  Refinery  
  13  0:16  SCV  
  14  0:28  Supply Depot  
  14  0:31  SCV  
  15  0:46  Refinery  
  15  0:52  Barracks  
  15  0:54  SCV  
  16  1:06  SCV  
  17  1:18  SCV  
  18  1:30  SCV  
  19  1:39  Supply Depot  
  19  1:41  Marine  
  19  1:46  Orbital Command  
  20  1:53  Factory  
  20  1:59  Marine  
  21  2:08  Bunker  
  21  2:14  SCV  
  22  2:32  SCV  
  23  2:42  Supply Depot  
  23  2:52  SCV  
  23  2:56  Starport  
  24  3:00  Widow Mine  
  26  3:11  SCV  
  27  3:15  Starport  
  27  3:23  SCV  
  28  3:35  SCV  
  28  3:37  Starport Tech Lab  
  29  3:46  Fusion Core  
  29  3:47  SCV  
  30  3:53  Liberator  
  29  4:05  Supply Depot  
  29  4:09  Starport Tech Lab  
  29  4:13  SCV  
  29  4:16  Marine  
  34  4:25  SCV  
  35  4:43  SCV  
  36  4:48  Battlecruiser  
  42  4:57  Command Center  
  42  5:08  Bunker  
  42  5:11  SCV  
  42  5:12  Supply Depot  
  42  5:13  Bunker  
  42  5:14  Marine  
  44  5:24  Supply Depot  
  44  5:25  Supply Depot  
  44  5:31  Marine  
  45  5:49  Marine  
  46  5:54  Battlecruiser  
  49  6:01  SCV  
  50  6:07  Marine  
  51  6:15  Refinery  
  51  6:18  Refinery  
  51  6:46  Supply Depot x2  
  51  6:48  Supply Depot  
  51  6:49  Battlecruiser  
  51  6:50  Supply Depot  
  51  6:52  Bunker  
  57  8:02  Battlecruiser x2  
  69  8:07  Orbital Command  
  59  8:49  SCV  
  60  9:00  Supply Depot  
  60  9:01  SCV  
  61  9:04  Supply Depot  
  61  9:05  Bunker  
  61  9:06  Bunker  
  61  9:09  Battlecruiser x2  
  73  9:13  SCV  
  74  9:17  Factory Tech Lab  
  74  9:22  Marine  
  75  9:25  SCV  
  76  9:37  SCV  
  77  9:40  Marine  
  77  9:45  SCV  
  79  9:49  SCV  
  80  9:57  SCV  
  80  9:58  Marine  
  82  10:01  SCV  
  83  10:09  SCV  
  83  10:11  Siege Tank  
  83  10:13  Battlecruiser, SCV  
  94  10:16  Marine  
  95  10:21  SCV  
  95  10:26  SCV  
  97  10:29  Weapon Refit  
  97  10:31  Battlecruiser  
  103  10:47  Bunker  
  103  10:53  Supply Depot x2  
  103  11:19  Engineering Bay  
  79  12:00  Battlecruiser x2  
  91  12:02  SCV x2  
  93  12:35  Command Center  
  93  12:39  Command Center  
  93  12:43  Missile Turret, Command Center  
  93  12:47  Missile Turret x2  
  93  12:48  Missile Turret  
  93  12:49  Missile Turret  
  93  12:50  Missile Turret  
  93  13:14  Barracks Tech Lab  
  93  13:19  Battlecruiser  
Show
View Real Time Build Order
Export as new Build Order

XOURCE Zerg - Winner!

Build Orders: Hatch First 

Get SALT Encoding   

  12  0:01  Drone  
  13  0:12  Overlord  
  13  0:17  Drone  
  14  0:30  Drone x2  
  14  0:34  Drone  
  17  0:54  Hatchery  
  17  0:56  Drone  
  17  0:58  Drone  
  18  1:09  Extractor  
  17  1:12  Spawning Pool  
  17  1:16  Drone  
  17  1:19  Drone  
  18  1:28  Drone  
  19  1:40  Overlord  
  19  1:49  Drone  
  20  1:59  Queen  
  20  2:01  Zergling x2  
  23  2:06  Queen  
  23  2:07  Zergling x2  
  26  2:16  Drone  
  26  2:20  Drone  
  28  2:23  Drone  
  28  2:29  Drone  
  30  2:34  Evolution Chamber, Metabolic Boost  
  29  2:38  Overlord x2  
  29  2:56  Queen  
  31  3:02  Drone  
  31  3:03  Drone x3  
  35  3:07  Zerg Ground Armor Level 1  
  35  3:10  Drone  
  35  3:11  Drone x2  
  35  3:12  Drone  
  39  3:19  Overlord  
  39  3:20  Drone  
  40  3:27  Evolution Chamber  
  40  3:30  Overlord  
  40  3:31  Drone  
  40  3:32  Drone  
  41  3:55  Spore Crawler  
  39  3:56  Spore Crawler  
  39  3:57  Queen  
  39  3:58  Queen  
  41  4:06  Drone x9  
  50  4:15  Zergling x4  
  52  4:24  Extractor  
  52  4:26  Extractor  
  50  4:31  Overlord  
  50  4:38  Roach Warren  
  50  4:39  Queen, Hatchery  
  50  4:50  Drone x4  
  54  4:57  Lair  
  54  5:11  Overlord x2  
  54  5:15  Zergling x16  
  62  5:32  Zergling x16  
  70  5:40  Overlord  
  70  5:41  Overlord  
  61  5:52  Drone x3  
  63  6:00  Drone x4  
  67  6:08  Zerg Ground Armor Level 2, Zerg Missile Weapons Level 1  
  67  6:11  Drone  
  67  6:12  Hydralisk Den, Drone x2  
  69  6:31  Drone x4  
  69  6:32  Queen  
  75  6:42  Overseer  
  71  7:01  Spore Crawler  
  71  7:03  Drone  
  71  7:04  Drone x12  
  71  7:07  Grooved Spines  
  80  7:22  Queen x2  
  83  7:27  Spore Crawler  
  76  7:30  Spore Crawler  
  73  7:41  Hydralisk x3  
  73  7:42  Spire, Hydralisk x4  
  77  7:56  Hydralisk x4  
  82  8:11  Hatchery  
  79  8:13  Hydralisk x3  
  79  8:18  Muscular Augments  
  61  8:53  Hatchery  
  61  8:55  Zerg Flyer Armor Level 1  
  59  9:03  Queen  
  59  9:05  Overlord x2  
  59  9:08  Hydralisk x5  
  71  9:12  Zerg Missile Weapons Level 2  
  71  9:21  Drone x2  
  73  9:37  Drone x9  
  82  9:40  Spore Crawler  
  82  9:44  Extractor  
  80  9:53  Overlord  
  80  9:54  Overlord  
  80  9:55  Corruptor  
  80  9:56  Corruptor  
  84  10:03  Drone x4  
  88  10:12  Queen  
  90  10:16  Drone x5  
  95  10:26  Corruptor x2  
  99  10:39  Spore Crawler  
  98  10:44  Spore Crawler  
  98  10:46  Drone x11  
  108  10:57  Corruptor  
  108  10:58  Corruptor x2  
  114  11:18  Spire  
  91  11:52  Hydralisk x5  
  91  11:53  Hydralisk x11  
  119  12:16  Extractor  
  119  12:17  Extractor  
  115  12:37  Corruptor x2  
  119  13:13  Extractor  
  119  13:14  Extractor  
  119  13:15  Drone x3  
  119  13:16  Corruptor, Drone x3  
  119  13:17  Corruptor x5  
  135  13:20  Overlord x2  
  135  13:41  Corruptor x5  
  135  13:48  Hatchery  
Tags
 
Add a new tag
Caveats
  • Supply blocks, unpowered buildings, or Contaminate may cause inaccurate times.
  • Supply counts are checked every 10 seconds.